 Dungeon Crawl Stone Soup version 0.28.0-43-g3370ac3207 (webtiles) character file.

Game seed: 6642430225880786147

46 graymark the Shield-Bearer (level 3, -1/30 HPs)
             Began as a Formicid Fighter on Mar 2, 2022.
             Slain by Grinder (8 damage)
             ... on level 3 of the Dungeon.
             The game lasted 00:02:53 (1705 turns).

graymark the Shield-Bearer (Formicid Fighter)       Turns: 1705, Time: 00:02:54

Health: -1/30      AC:  8    Str: 22    XL:     3   Next: 95%
Magic:  3/3        EV:  9    Int:  7    God:
Gold:   40         SH:  4    Dex: 10    Spells: 2/2 levels left

rFire   . . .      SeeInvis +   a - +0 war axe
rCold   . . .      Faith    .   c - +0 buckler
rNeg    . . .      Spirit   .   b - +0 scale mail
rPois   .          Reflect  .   (helmet unavailable)
rElec   .          Harm     .   (no cloak)
rCorr   .          Rampage  .   (no gloves)
Will    .....                   j - +0 pair of boots
Stlth   ..........              (no amulet)
HPRegen 0.10/turn               (no ring)
MPRegen 0.08/turn               (no ring)

@: no status effects
A: permanent stasis, dig shafts and tunnels, antennae 3, four strong arms
a: Dig, Shaft Self


You were on level 3 of the Dungeon.
You visited 1 branch of the dungeon, and saw 3 of its levels.

You collected 40 gold pieces.

Inventory:

Hand Weapons
 a - a +0 war axe (weapon)
Armour
 b - a +0 scale mail (worn)
 c - a +0 buckler (worn)
 j - a +0 pair of boots (worn)
Scrolls
 h - a scroll of teleportation {unknown}
 m - 2 scrolls of silence
Potions
 d - a potion of might
 e - a potion of mutation {unknown}
 f - a potion of resistance {unknown}
 g - 2 potions of heal wounds {unknown}
 i - a potion of curing {unknown}
 k - a potion of attraction {unknown}
 l - a potion of flight {unknown}


   Skills:
 + Level 3.6 Fighting
 + Level 2.4 Axes
 + Level 3.6 Armour
 + Level 1.1 Dodging
 + Level 4.0 Shields


You had 2 spell levels left.
You didn't know any spells.
Your spell library contained the following spells:

 Spells                   Type           Power      Damage    Failure   Level
 Scorch                   Fire           0%         2d5       92%         2
 Flame Wave               Conj/Fire      0%         2d4       100%        4
 Summon Cactus Giant      Summ           0%         N/A       100%        6


Dungeon Overview and Level Annotations

Branches:
Dungeon (3/15)

Altars:

Annotations:
D:3 Grinder


Innate Abilities, Weirdness & Mutations

You cannot be hasted, slowed, berserked, paralysed or teleported.
You can dig through walls and to a lower floor.
You have a pair of large antennae on your head. (SInv)
Your four strong arms can wield two-handed weapons with a shield.


Message History

You resist with significant effort.
You slash Grinder!
Grinder is moderately wounded.
You block Grinder's attack. Grinder barely misses you.
You barely miss Grinder.
Grinder is moderately wounded.
Grinder hits you.
You writhe in agony.
You barely miss Grinder.
Grinder is moderately wounded.
You block Grinder's attack.
Grinder says, "Just stop there for a second..."
Grinder gestures at you.
Your stasis prevents you from being paralysed.
You hit Grinder.
Grinder is heavily wounded.
Grinder barely misses you.
You closely miss Grinder.
Grinder is heavily wounded.
Grinder barely misses you.
You slash Grinder!
Grinder is heavily wounded.
Grinder closely misses you. Grinder misses you.
You hit Grinder.
Grinder is severely wounded.
Grinder blinks!
Grinder gestures at you. You resist with significant effort.
Grinder gestures at you. Pain shoots through your body!
Grinder gestures at you. Pain shoots through your body!
* * * LOW HITPOINT WARNING * * *
You are too injured to fight recklessly!
You are too injured to fight recklessly!
You are too injured to fight recklessly!
You are too injured to fight recklessly!
You hit Grinder.
Grinder is severely wounded.
Grinder hits you!
You die...

##########
#...$..?..
#........########
#..........5....#
#.........@.....#
#...............#
#...............'.
######<#.......##
#.###.##### #.# .#
... .# ... .#
...(.


You could see Grinder.

Vanquished Creatures
  2 worms (D:2)
  3 dart slugs (D:1)
  4 ball pythons
  3 endoplasms
  4 goblins
  3 hobgoblins
  5 kobolds
  A quokka (D:1)
  2 bats (D:1)
  3 frilled lizards
  3 rats
33 creatures vanquished.

Notes
Turn   | Place    | Note
-------+----------+-------------------------------------------
     0 | D:1      | graymark the Formicid Fighter began the quest for the Orb.
     0 | D:1      | Reached XP level 1. HP: 18/18 MP: 1/1
   147 | D:1      | Reached XP level 2. HP: 24/24 MP: 2/2
   160 | D:1      | You fall into a shaft and drop 1 floor!
   719 | D:1      | Reached XP level 3. HP: 29/29 MP: 3/3
   835 | D:1      | Reached skill level 4 in Shields
  1053 | D:1      | Reached skill level 1 in Dodging
  1521 | D:2      | Found a faded altar of an unknown god.
  1576 | D:3      | Noticed Grinder
  1705 | D:3      | Slain by Grinder

Illustrated notes

Levels and vault maps discovered:
D:1:      onia_arrival_pyramid, layout_basic
D:2:      layout_loops_ring, shapermc_ecumenical_altar_mp_vishouse
D:3:      layout_basic, uniq_grinder, uniq_robin

Skill      XL: |  1  2  3 |
---------------+----------+-----
Shields        | 4 |  4.0
Dodging        | 1 |  1.1
Fighting       | |  3.6
Axes           | |  2.4
Armour         | |  3.6

Action                   || total
-------------------------++-------
Melee: War axe           ||    94
 Abil: Dig               ||     2
  Use: Scroll            ||     1
Armor: Scale mail        ||    51
Dodge: Dodged            ||    44
Block: Buckler           ||    20
